Map: 프리온 단구

Players

llllllllllll

  • Race: Zerg Zerg
  • League: Grandmaster

llllllllllll (Scarlett) - Winner!

  • Race: Zerg Zerg
  • League: Grandmaster

VOD

Have the link to the VOD?

Description

Time

  • Played on: April 14, 2016, 4:59 a.m.
  • Length: 7:16
Show
View Real Time Build Order
Export as new Build Order

llllllllllll Zerg 

Build Orders: Pool First, Zergling Baneling 

Get SALT Encoding   

  12  0:01  Drone  
  13  0:13  Overlord  
  13  0:16  Drone  
  14  0:31  Drone x2  
  14  0:35  Drone  
  17  0:45  Spawning Pool  
  17  0:47  Drone  
  17  0:50  Extractor  
  17  0:56  Drone  
  17  1:14  Hatchery  
  17  1:15  Drone  
  17  1:33  Zergling x2, Queen  
  20  1:41  Drone  
  20  1:46  Overlord  
  21  1:50  Metabolic Boost  
  21  1:57  Drone  
  22  2:06  Drone  
  23  2:10  Queen  
  23  2:12  Drone  
  26  2:22  Drone  
  27  2:27  Drone  
  28  2:33  Drone  
  28  2:38  Drone  
  28  2:41  Drone x3  
  32  2:49  Baneling Nest  
  31  2:58  Hatchery  
  31  3:01  Zergling x2  
  31  3:02  Zergling x2  
  32  3:07  Zergling x4  
  32  3:12  Zergling x4  
  36  3:18  Overlord  
  36  3:19  Overlord  
  36  3:36  Baneling  
  36  3:37  Baneling x3, Zergling x2  
  36  3:38  Zergling x12  
  43  3:48  Overlord  
  43  3:53  Zergling x2  
  43  3:54  Zergling x4  
  46  3:57  Zergling x2  
  47  4:08  Zergling x8  
  50  4:10  Baneling  
  50  4:11  Baneling  
  50  4:16  Baneling  
  49  4:21  Zergling x10  
  47  4:24  Queen  
  45  4:35  Zergling x14  
  51  4:43  Baneling x9  
  51  4:46  Zergling x6  
  54  4:56  Zergling x14  
  61  5:11  Zergling x10  
  64  5:16  Overlord x2  
  64  5:20  Baneling x4  
  61  5:34  Zergling x14  
  64  5:39  Zergling x2  
  64  5:40  Zergling x4  
  61  5:48  Zergling x10  
  61  5:53  Zergling x4  
  61  5:56  Zergling x2  
  59  6:01  Zergling x2  
  59  6:02  Baneling x3  
  59  6:03  Zergling x2  
  59  6:04  Zergling x2  
  58  6:12  Zergling x2  
  58  6:13  Zergling x2  
  56  6:24  Zergling x8  
  44  6:33  Zergling x8  
  44  6:34  Zergling x6  
  49  6:40  Zergling x8  
  49  6:41  Zergling x2  
  49  6:42  Baneling x6  
  54  6:48  Zergling x4  
  54  6:52  Zergling x2  
Show
View Real Time Build Order
Export as new Build Order

llllllllllll Zerg - Winner!

Build Orders: 3 Hatch before Pool, Zergling Baneling 

Get SALT Encoding   

  12  0:00  Drone  
  13  0:08  Drone  
  14  0:24  Overlord  
  14  0:28  Extractor  
  14  0:29  Drone  
  15  0:43  Drone x2  
  17  0:54  Drone  
  17  0:55  Hatchery  
  17  0:59  Drone  
  18  1:17  Drone  
  19  1:22  Hatchery  
  18  1:26  Drone  
  18  1:31  Extractor  
  18  1:32  Drone  
  19  1:41  Spawning Pool  
  19  1:45  Drone  
  19  1:55  Overlord  
  19  2:08  Drone x2  
  21  2:36  Metabolic Boost  
  20  2:38  Drone x6  
  20  2:41  Queen  
  20  2:42  Queen  
  30  2:52  Baneling Nest  
  30  2:53  Drone  
  30  2:55  Drone  
  30  2:57  Drone  
  32  3:01  Drone  
  32  3:03  Overlord  
  33  3:07  Drone  
  33  3:09  Overlord  
  34  3:21  Queen  
  34  3:22  Spine Crawler  
  34  3:23  Zergling x6  
  38  3:28  Zergling x6  
  41  3:36  Zergling x6  
  44  3:45  Baneling x2  
  44  3:47  Zergling x2  
  44  3:48  Zergling x4  
  47  3:51  Drone x3  
  47  3:55  Overlord x2  
  50  3:59  Roach Warren  
  49  4:06  Baneling x2  
  49  4:07  Spine Crawler, Baneling x4  
  45  4:12  Zergling x6  
  45  4:16  Zergling x6  
  49  4:25  Baneling x2  
  49  4:30  Drone  
  49  4:31  Drone x6  
  55  4:35  Baneling  
  53  4:40  Extractor, Drone x3  
  53  4:45  Extractor, Drone x3  
  57  4:46  Drone x2  
  59  4:56  Overlord x3  
  59  5:03  Roach x3  
  59  5:07  Overlord x2  
  65  5:09  Baneling  
  65  5:13  Overlord x2  
  65  5:17  Roach x2  
  69  5:26  Baneling x3  
  69  5:34  Queen x2  
  67  5:41  Zergling x14  
  64  5:49  Zergling x8  
  66  5:50  Zergling x4  
  64  5:59  Drone  
  65  6:04  Baneling x4  
  65  6:05  Baneling x2  
  65  6:24  Hatchery, Zergling x4  
  64  6:32  Baneling x2  
  53  6:33  Roach  
  53  6:34  Roach x5  
  65  6:40  Baneling x5  
  65  6:43  Roach  
  67  6:50  Roach  
  67  6:51  Roach  
  71  6:58  Ravager  
Tags
 
Add a new tag
Caveats
  • Supply blocks, unpowered buildings, or Contaminate may cause inaccurate times.
  • Supply counts are checked every 10 seconds.